 Dungeon Crawl Stone Soup version 0.22-a0-872-g6a232dd (webtiles) character file.

141 prawnwizard the Ducker (level 5, -14/37 HPs)
             Began as a Felid Berserker on July 28, 2018.
             Was a Believer of Trog.
             Killed by divine providence
             ... invoked by an orc priest
              (15 damage)
             ... on level 3 of the Dungeon.
             The game lasted 00:03:35 (3080 turns).

prawnwizard the Ducker (Felid Berserker)            Turns: 3080, Time: 00:03:35

Health: -14/37     AC:  1    Str: 19    XL:     5   Next: 3%
Magic:  6/6        EV: 21    Int:  8    God:    Trog [**....]
Gold:   91         SH:  0    Dex: 16    Spells: 4/4 levels left
                                        Lives:  0   Deaths: 1

rFire    . . .     SeeInvis +     - Unarmed
rCold    . . .     Gourm    .   (shield unavailable)
rNeg     . . .     Faith    .   (armour unavailable)
rPois    .         Spirit   .   (helmet unavailable)
rElec    .         Reflect  .   (cloak unavailable)
rCorr    .         Harm     .   (gloves unavailable)
MR       .....                  (boots unavailable)
Stlth    ..........             (no amulet)
HPRegen  0.12/turn              (no ring)
MPRegen  0.10/turn              (no ring)

@: berserking, very quick
A: very small, no armour, no weapons or thrown items, stealth, claws 1, fangs 3,
see invisible, carnivore, speed 1, shaggy fur 1, slow metabolism 1, sharp paws
a: Berserk, Trog's Hand, Renounce Religion


You were on level 3 of the Dungeon.
You worshipped Trog.
Trog was pleased with you.
You were not hungry.

You visited 1 branch of the dungeon, and saw 3 of its levels.

You collected 91 gold pieces.

Inventory:

Jewellery
 g - an uncursed amulet of the acrobat {unknown}
Scrolls
 b - 2 scrolls of magic mapping {unknown}
 d - 3 scrolls of remove curse {unknown}
 e - 3 scrolls of fog {unknown}
 h - 6 scrolls of identify {unknown}
 l - a scroll of immolation {unknown}
 m - a scroll of fear {unknown}
Potions
 c - 2 potions of curing {unknown}
 f - a potion of mutation {unknown}
 j - a potion of berserk rage {unknown}
 k - 2 potions of magic {unknown}
Comestibles
 a - 10 rations


   Skills:
 + Level 4.2 Fighting
 + Level 5.6 Dodging
 * Level 5.2 Unarmed Combat


You had 4 spell levels left.
You didn't know any spells.
Your spell library was empty.

Dungeon Overview and Level Annotations

Branches:
Dungeon (3/15)

Altars:
Trog


Innate Abilities, Weirdness & Mutations

You cannot wear armour.
You are incapable of wielding weapons or throwing items.
Your paws allow you to move quietly. (Stealth)
You have sharp claws.
You have razor-sharp teeth.
You have supernaturally acute eyesight. (SInv)
You are carnivorous and can eat meat at any time.
You cover ground quickly.
You are covered in fur. (AC +1)
You have a slow metabolism.
Your sharp claws are effective at attacking unaware monsters.


Message History

You are too injured to fight recklessly!
You are too injured to fight recklessly!
You are too injured to fight recklessly!
You are too injured to fight recklessly!
You are too injured to fight recklessly!
You are too injured to fight recklessly!
You are too injured to fight recklessly!
You are too injured to fight recklessly!
A red film seems to cover your vision as you go berserk!
You feel yourself moving faster!
You feel mighty!
You feel a lot more hungry. The kobold completely misses you.
You are too injured to fight recklessly!
You are too injured to fight recklessly!
You are too injured to fight recklessly!
You claw the kobold!
You kill the kobold!
Trog accepts your kill.
The orc priest invokes the aid of Beogh against you.
Beogh smites you!
You die...

..... .#
### ....
.. ..#
.#.#.# #.#
##....#
#.#
#.....#
#.#
#.....#
#.#
#...o.#
#.#
#..@####.#
##...)...#
#)#######
#. #. #.
.. ##


You could see an orc priest.

Vanquished Creatures
  An ogre (D:3)
  An iguana (D:3)
  Natasha (thrice) (D:2)
  2 adders
  2 worms
  2 dart slugs
  4 orcs (D:3)
  4 giant cockroaches
  5 goblins
  6 hobgoblins
  10 kobolds
  A quokka (D:3)
  A ball python (D:2)
  7 bats
  A frilled lizard (D:1)
  3 rats
53 creatures vanquished.

Notes
Turn   | Place    | Note
-------+----------+-------------------------------------------
     0 | D:1      | prawnwizard the Felid Berserker began the quest for the Orb.
     0 | D:1      | Reached XP level 1. HP: 10/10 MP: 2/2
   204 | D:1      | Reached XP level 2. HP: 11/14 MP: 3/3
  1466 | D:2      | Reached XP level 3. HP: 17/17 MP: 4/4
  1523 | D:2      | Found a bloodstained altar of Trog.
  1624 | D:2      | Noticed Natasha
  1633 | D:2      | Killed Natasha
  1710 | D:2      | Noticed Natasha
  1727 | D:2      | Killed Natasha
  1727 | D:2      | Reached ** piety under Trog
  1727 | D:2      | Reached XP level 4. HP: 5/21 MP: 5/5
  1994 | D:2      | Noticed Natasha
  2005 | D:2      | Killed Natasha
  2005 | D:2      | Reached skill level 5 in Dodging
  2447 | D:3      | HP: 1/22 [kobold/mace (8)]
  2580 | D:3      | Reached XP level 5. HP: 12/25 MP: 6/6
  2894 | D:3      | Noticed an ogre
  2899 | D:3      | Killed an ogre
  2899 | D:3      | Reached skill level 5 in Unarmed Combat
  3069 | D:3      | Killed from afar by an orc wizard
  3070 | D:3      | Reached XP level 4. HP: 0/22 MP: 5/5
  3073 | D:3      | Reached XP level 5. HP: 25/25 MP: 6/6
  3077 | D:3      | HP: 1/25 [orc priest/divine providence (15)]
  3080 | D:3      | Killed from afar by an orc priest

Vault maps used:
D:1:      roderic_crossed_star
D:2:      bloody_trog, first_ration, serial_bayou_pond_d, uniq_natasha
D:3:      chequers_ecumenical_altar_island, item_on_display_a

Skill      XL: |  1  2  3  4  5 |
---------------+----------------+-----
Unarmed Combat | 4 5 |  5.2
Dodging        | 5 |  5.6
Fighting       | 4 |  4.2

Action                   |  1- 3 |  4- 6 || total
-------------------------+-------+-------++-------
Melee: Unarmed           |    89 |    76 ||   165
       Bite              |    14 |     9 ||    23
       Punch             |     1 |     1 ||     2
Invok: Berserk           |     1 |     7 ||     8
 Stab: Sleeping          |     4 |     5 ||     9
  Eat: Chunk             |     9 |     8 ||    17
Armor: Skin              |     4 |     1 ||     5
Dodge: Dodged            |    64 |    54 ||   118

Table legend:
 A = Spawn XP
 B = Non-spawn XP
 C = Spawn XP percentage of total XP
 D = Spawn monster count
 E = Non-spawn monster count
 F = Spawn count percentage of total count
 G = Total turns spent on level
                    A         B        C        D         E        F      G
               +---------+---------+-------+---------+---------+-------+---------
         Total |       0 |     385 |   0.0 |       0 |      53 |   0.0 |  3080
               +---------+---------+-------+---------+---------+-------+---------
           D:1 |       0 |      31 |   0.0 |       0 |      17 |   0.0 |  1287
           D:2 |       0 |     143 |   0.0 |       0 |      15 |   0.0 |  1005
           D:3 |       0 |     211 |   0.0 |       0 |      21 |   0.0 |   788
               +---------+---------+-------+---------+---------+-------+---------
